 Dungeon Crawl Stone Soup version 0.31-a0-1242-g57893ffec4 (webtiles) character file.

Game seed: 14295129116501008331

111 Descartes the Digger (level 5, -5/32 (35) HPs)
             Began as a Formicid Earth Elementalist on Dec 16, 2023.
             Slain by Terence
             ... wielding the +7 Throatcutter {drain, coup de grace}
              (14 damage)
             ... on level 3 of the Dungeon.
             The game lasted 00:03:40 (1858 turns).

Descartes the Digger (Formicid Earth Elementalist)  Turns: 1858, Time: 00:03:42

HP:   -5/32 (35)    AC:  2    Str: 15    XL:     5   Next: 15%
MP:   5/9           EV: 12    Int: 14    God:
Gold: 168           SH:  0    Dex: 14    Spells: 9/10 levels left

rFire   . . .        c - +0 short sword
rCold   . . .        (no shield)
rNeg    . . .        a - +0 robe
rPois   .            (helmet unavailable)
rElec   .            (no cloak)
rCorr   .            (no gloves)
SInv    +            (no boots)
Will    .....        (no amulet)
Stlth   ++           (no ring)
HPRegen 0.25/turn    (no ring)
MPRegen 0.11/turn

%: no passive effects
@: drained
A: permanent stasis, dig shafts and tunnels, antennae 3, four strong arms
a: Dig, Shaft Self


You were on level 3 of the Dungeon.
You visited 1 branch of the dungeon, and saw 3 of its levels.

You collected 168 gold pieces.

Inventory:

Hand Weapons
 c - a +0 short sword (weapon)
Armour
 a - a +0 robe (worn)
Scrolls
 d - 2 scrolls of identify {unknown}
 e - 2 scrolls of teleportation {unknown}
 f - a scroll of revelation {unknown}
Potions
 b - a potion of magic
 g - a potion of heal wounds {unknown}


   Skills:
 - Level 1.7 Dodging
 - Level 2.4 Stealth
 + Level 3.2 Shields
 + Level 3.3 Spellcasting
 - Level 1.1 Transmutations
 + Level 4.8 Earth Magic


You had 9 spell levels left.
You knew the following spells:

 Your Spells              Type           Power      Damage    Failure   Level
a - Sandblast             Erth           30%        2d9       3%          1

Your spell library contained the following spells:

 Spells                   Type           Power      Damage    Failure   Level
 Passwall                 Tmut/Erth      8%         N/A       10%         2
 Stone Arrow              Conj/Erth      18%        3d8       24%         3
 Petrify                  Tmut/Erth      10%        N/A       52%         4
 Brom's Barrelling Bould  Conj/Erth      9%         2d3       61%         4


Dungeon Overview and Level Annotations

Branches:
Dungeon (3/15)

Altars:

Annotations:
D:3 Terence


Innate Abilities, Weirdness & Mutations

You cannot be hasted, slowed, berserked, paralysed or teleported.
You can dig through walls and to a lower floor.
You have a pair of large antennae on your head. (SInv)
Your four strong arms can wield two-handed weapons with a shield.


Message History

You climb downwards.
Found a stone staircase leading up and a stone staircase leading down.
There is a stone staircase leading up here.
Casting: Sandblast (safe; 3% risk of failure)
Confirm with . or Enter, or press ? or * to list all spells.
Aiming: Sandblast (safe; 3% risk of failure)
Press: ? - help, Shift-Dir - straight line, f - Terence
Aim: Terence, wielding the +7 Throatcutter {drain, coup de grace} and wearing a +0 ring mail (asleep, 100% to hit)
The blast of sand hits Terence but does no damage.
Terence shouts!
Casting: Sandblast (safe; 3% risk of failure)
Confirm with . or Enter, or press ? or * to list all spells.
Aiming: Sandblast (safe; 3% risk of failure)
Press: ? - help, Shift-Dir - straight line, f/p - Terence
Aim: Terence, wielding the +7 Throatcutter {drain, coup de grace} and wearing a +0 ring mail (84% to hit)
The blast of sand hits Terence but does no damage.
Casting: Sandblast (safe; 3% risk of failure)
Confirm with . or Enter, or press ? or * to list all spells.
Aiming: Sandblast (safe; 3% risk of failure)
Press: ? - help, Shift-Dir - straight line, f/p - Terence
Aim: Terence, wielding the +7 Throatcutter {drain, coup de grace} and wearing a +0 ring mail (84% to hit)
The blast of sand hits Terence.
Terence is moderately wounded.
Terence hits you with the +7 Throatcutter {drain, coup de grace}!!
Ouch! That really hurt!
You feel drained.
Casting: Sandblast (safe; 3% risk of failure)
Confirm with . or Enter, or press ? or * to list all spells.
Aiming: Sandblast (safe; 3% risk of failure)
Press: ? - help, Shift-Dir - straight line, f/p - Terence
Aim: Terence, wielding the +7 Throatcutter {drain, coup de grace} and wearing a +0 ring mail (moderately wounded, 84% to hit)
The blast of sand hits Terence!
Terence is severely wounded.
Terence hits you with the +7 Throatcutter {drain, coup de grace}.
* * * LOW HITPOINT WARNING * * *
You feel drained.
A rat comes into view.
Terence hits you with the +7 Throatcutter {drain, coup de grace}!
You die...
Terence says, "Rest in peace."

#######.#
#@@<>...#
#.####..r
#.# { #.#
... ...
#.# #.#


You could see Terence and a rat (wandering).

Vanquished Creatures
  An orc priest (D:2)
  Jessica (D:2)
  2 dart slugs
  2 orcs (D:2)
  3 ball pythons (D:2)
  3 endoplasms
  3 giant cockroaches
  3 goblins
  9 hobgoblins
  4 quokkas
  5 bats
  7 kobolds
  3 rats
46 creatures vanquished.

Notes
Turn   | Place    | Note
-------+----------+-------------------------------------------
     0 | D:1      | Descartes the Formicid Earth Elementalist began the quest
                  | for the Orb.
     0 | D:1      | Reached XP level 1. HP: 13/13 MP: 3/3
   110 | D:1      | Reached skill level 1 in Shields
   144 | D:1      | Reached XP level 2. HP: 19/19 MP: 3/5
   220 | D:1      | Reached skill level 4 in Earth Magic
   463 | D:1      | Found a faded altar of an unknown god.
   676 | D:1      | Reached XP level 3. HP: 24/24 MP: 4/6
  1111 | D:2      | Reached XP level 4. HP: 10/30 MP: 1/8
  1403 | D:2      | Noticed Jessica
  1407 | D:2      | Killed Jessica
  1408 | D:2      | Reached XP level 5. HP: 35/35 MP: 5/9
  1854 | D:3      | Noticed Terence
  1858 | D:3      | Slain by Terence

Illustrated notes

Levels and vault maps discovered:
D:1:      minmay_arrival_glassed_features, layout_loops_ring,
          shapermc_ecumenical_altar_flowoftime, amethyst_killhole,
          serial_park_tiny_1, chequers_serial_rivers_micro_d,
          minmay_heptomino_h4
D:2:      cheibrodos_pilgrimage, layout_basic, uniq_jessica
D:3:      layout_loops_ring, chequers_mini_garden, kennysheep_generic_room_2,
          uniq_sigmund, uniq_terence

Skill      XL: |  1  2  3  4 |
---------------+-------------+-----
Shields        | 1 2 3 |  3.2
Earth Magic    | 4 |  4.8
Spellcasting   | 3 |  3.3
Dodging        | |  1.7
Stealth        | |  2.4
Transmutations | |  1.1

Action                     |  1- 3 |  4- 6 || total
---------------------------+-------+-------++-------
  Melee: Short sword       |    32 |       ||    32
         Punch             |     1 |       ||     1
   Cast: Sandblast         |    38 |    25 ||    63
Ability: Dig               |     1 |       ||     1
 Armour: Robe              |    12 |     4 ||    16
  Dodge: Dodged            |    10 |     6 ||    16

Table legend: (Time is in decaauts)
 A = Elapsed time spent in this place.
 B = Non-inter-level travel time spent in this place.
 C = Inter-level travel time spent in this place.
 D = Time resting spent in this place.
 E = Time spent auto-exploring this place.
 F = Levels seen in this place.
 G = Mean time per level.
                   A        B        C        D        E       F      G
               +--------+--------+--------+--------+--------+-----+--------+
         Total |   1889 |   1828 |     61 |      0 |   1530 |   3 |  629.7 |
       Dungeon |   1889 |   1828 |     61 |      0 |   1530 |   3 |  629.7 |
               +--------+--------+--------+--------+--------+-----+--------+

Top non-repeatable levels by time:
     D:1: 974 daAuts
     D:2: 909 daAuts
     D:3: 5 daAuts
